 Dungeon Crawl Stone Soup version 0.28-a0-906-g0406aca7d3 (webtiles) character file.

Game seed: 13416349633011948751

63100 lunkers the Brawler (level 14, -3/146 HPs)
             Began as a Troll Cinder Acolyte on Nov 23, 2021.
             Was a High Priest of Ignis.
             Slain by a jumping spider (11 damage)
             ... on level 1 of the Spider Nest.
             The game lasted 00:33:19 (18053 turns).

lunkers the Brawler (Troll Cinder Acolyte)         Turns: 18053, Time: 00:33:20

Health: -3/146     AC: 10    Str: 25    XL:     14   Next: 66%
Magic:  14/14      EV: 17    Int: 13    God:    Ignis [*****.]
Gold:   1709       SH: 10    Dex: 11    Spells: 15/15 levels left

rFire   + + .      SeeInvis .     - Unarmed
rCold   x . .      Faith    .   x - +0 kite shield
rNeg    . . .      Spirit   .   w - +2 robe {Will+}
rPois   .          Reflect  .   j - +2 hood of the Assassin {Detection Stab+ Stlth++}
rElec   .          Harm     .   t - +1 cloak
rCorr   .          Rampage  .   (gloves unavailable)
Will    ++...                   (boots unavailable)
Stlth   +++.......              q - amulet of regeneration
HPRegen 2.34/turn               H - ring of the Mutiny {rF+ rC- EV+4 Int+3 Dex+2}
MPRegen 0.14/turn               D - +4 ring of evasion

@: lethally poisoned (-3 -> -4)
A: large, unfitting armour, claws 3, regeneration 1, shaggy fur 1, tough skin 1
a: Renounce Religion, Sea of Fire, Foxfire Swarm, Rising Flame


You were on level 1 of the Spider Nest.
You worshipped Ignis.
Ignis was extremely pleased with you.
You visited 4 branches of the dungeon, and saw 20 of its levels.
You also visited: Volcano.

You collected 2309 gold pieces.
You spent 600 gold pieces at shops.

Inventory:

Missiles
 g - 419 stones
 h - 12 poisoned darts (quivered)
 l - 9 boomerangs
 z - 6 javelins
 A - 8 large rocks
 E - a throwing net
 Q - 6 curare-tipped darts
 V - 2 silver boomerangs
Armour
 c - a +0 troll leather armour
 j - the +2 hood of the Assassin (worn) {Detection Stab+ Stlth++}
   (You bought it in a shop on level 1 of the Dungeon)

   It allows the wearer to sense nearby creatures.
   It allows the wearer to make particularly effective stabbing attacks against
   helpless or unaware enemies with any weapon.
   Stlth:     It makes you much more stealthy.
 t - a +1 cloak (worn)
 w - a +2 robe of willpower (worn)
 x - a +0 kite shield (worn)
Jewellery
 a - a ring of ice
 q - an amulet of regeneration (around neck)
 y - a ring of protection from fire
 D - a +4 ring of evasion (right claw)
 H - the ring of the Mutiny (left claw) {rF+ rC- EV+4 Int+3 Dex+2}
   (You found it on level 11 of the Dungeon)

   [ring of evasion]

   EV:        It affects your evasion (+4).
   Int:       It affects your intelligence (+3).
   Dex:       It affects your dexterity (+2).
   rF:        It protects you from fire.
   rC:        It makes you vulnerable to cold.
 N - a +6 ring of dexterity
 R - an amulet of guardian spirit
 T - a ring of ice
Wands
 o - a wand of paralysis (1)
 s - a wand of iceblast (24)
 v - a wand of acid (19)
 L - a wand of charming (9)
 M - a wand of digging (9)
 S - a wand of flame (35)
Scrolls
 b - a scroll of silence
 p - 12 scrolls of teleportation
 u - 2 scrolls of amnesia
 I - 2 scrolls of enchant armour
 P - a scroll of brand weapon
Potions
 e - 3 potions of attraction
 f - 4 potions of brilliance
 i - 10 potions of ambrosia
 k - 10 potions of curing
 r - 4 potions of flight
 B - 3 potions of haste
 C - a potion of heal wounds
 F - a potion of berserk rage
 G - 3 potions of might
 J - a potion of invisibility
 K - 2 potions of resistance
Miscellaneous
 O - a lightning rod (4/4)


   Skills:
 + Level 11.5 Fighting
 + Level 4.0 Throwing
 - Level 9.0 Shields
 * Level 18.5 Unarmed Combat
 - Level 1.0 Spellcasting
 - Level 2.1 Fire Magic
 - Level 5.0 Evocations


You had 15 spell levels left.
You didn't know any spells.
Your spell library contained the following spells:

 Spells                   Type           Power      Damage    Failure   Level
 Scorch                   Fire           12%        2d6       17%         2
 Magic Dart               Conj           0%         1d3       28%         1
 Summon Small Mammal      Summ           0%         N/A       28%         1
 Call Imp                 Summ           0%         N/A       38%         2
 Corpse Rot               Necr/Air       0%         N/A       38%         2
 Ensorcelled Hibernation  Hex/Ice        0%         N/A       38%         2
 Static Discharge         Conj/Air       0%         N/A       38%         2
 Call Canine Familiar     Summ           0%         N/A       63%         3
 Mephitic Cloud           Conj/Pois/Air  0%         N/A       63%         3
 Ozocubu's Armour         Ice            0%         N/A       63%         3
 Portal Projectile        Hex/Tloc       0%         N/A       63%         3
 Stone Arrow              Conj/Erth      0%         3d7       63%         3
 Summon Guardian Golem    Hex/Summ       0%         N/A       63%         3
 Tukima's Dance           Hex            0%         N/A       63%         3
 Animate Armour           Summ/Erth      0%         N/A       95%         4
 Dispel Undead            Necr           0%         3d6       95%         4
 Passage of Golubria      Tloc           0%         N/A       95%         4
 Blade Hands              Tmut           0%         N/A       100%        5
 Excruciating Wounds      Necr           0%         N/A       100%        5
 Lightning Bolt           Conj/Air       0%         1d11      100%        5
 Summon Forest            Summ/Tloc      0%         N/A       100%        5
 Yara's Violent Unravell  Hex/Tmut       0%         3d3       100%        5
 Death Channel            Necr           0%         N/A       100%        6
 Dispersal                Tloc           0%         N/A       100%        6
 Eringya's Noxious Bog    Tmut/Pois      0%         N/A       100%        6
 Ozocubu's Refrigeration  Ice            0%         4d5       100%        7
 Summon Hydra             Summ           0%         N/A       100%        7
 Disjunction              Tloc           0%         N/A       100%        8
 Lehudib's Crystal Spear  Conj/Erth      0%         10d2      100%        8
 Maxwell's Capacitive Co  Air            0%         ∞         100%        8


Dungeon Overview and Level Annotations

Branches:
Dungeon (11/15)            Temple (0/1) D:6            Lair (6/6) D:10
  Swamp (0/4) Lair:3       Spider (1/4) Lair:3        Slime (0/5) Lair:5
    Orc (2/2) D:9             Elf (0/3) Orc:2       Volcano (visited)

Altars:
Hepliaklqana
Kikubaaqudgha
Okawaru
Uskayaw
Wu Jian

Shops:
D:1 [   D:2 *((   D:3 !   Orc:1 *[   Orc:2 [(*=

Portals:
Abyss: Lair:2

Annotations:
Lair:1 exclusion: oklob plant
Lair:2 2 transporters, Hailok's ghost, journeyman MfGl
Lair:5 exclusion: 2 oklob plants


Innate Abilities, Weirdness & Mutations

You are too large for most types of armour.
You have claws for hands.
Your natural rate of healing is unusually fast.
You are covered in fur. (AC +1)
You have tough skin. (AC +1)


Message History

* * * LOW HITPOINT WARNING * * *
Unknown command.
You barely miss the jumping spider.
You feel very sick. You block the jumping spider's attack.
The jumping spider bites you but does no damage.
The jumping spider barely misses you. The jumping spider closely misses you.
The jumping spider pounces on you but does no damage.
The jumping spider bites you but does no damage.
Unknown command.
You mangle the jumping spider!!
The jumping spider is severely wounded.
You feel very sick. You block the jumping spider's attack.
The jumping spider misses you. The jumping spider barely misses you.
The jumping spider bites you.
* * * LOW HITPOINT WARNING * * *
The jumping spider pounces on you!
* * * LOW HITPOINT WARNING * * *
The jumping spider bites you but does no damage.
You claw the jumping spider!
The jumping spider is almost dead.
You feel sick. You block the jumping spider's attack.
The jumping spider bites you.
* * * LOW HITPOINT WARNING * * *
The jumping spider barely misses you. The jumping spider closely misses you.
The jumping spider pounces on you!
* * * LOW HITPOINT WARNING * * *
You are caught in a web!
The jumping spider bites you but does no damage.
The web tears apart.
You feel very sick.
The jumping spider leaps!
The jumping spider closely misses you.
The jumping spider completely misses you.
The jumping spider pounces on you!
* * * LOW HITPOINT WARNING * * *
The jumping spider bites you but does no damage.
The jumping spider barely misses you.
The jumping spider bites you but does no damage.
The jumping spider pounces on you!
You die...

##.#........##..#{
#..†........#..#
##..#..........# .##### .
##.............# ..#.(.
.##..............# ......
.............##..##s.(.#
............###.##..)#
..#....###^.###s#$.?####.
........#....#.#@s.#.....
.............##..°......#
..#....................##
.......................#
........................#
..##...#...##.#(.......##
.. ##.$....#####....##^#
#...... ##..## ## ......
#.##


You could see 3 jumping spiders.

Vanquished Creatures
  An ettin (Orc:2)
  4 hydras
  2 boulder beetles
  3 two-headed ogres
  3 orc high priests (Orc:2)
  Sonja (Lair:5)
  Nergalle (D:11)
  A deep elf archer (Volcano)
  6 deep elf pyromancers (Volcano)
  A wolf spider (Spider:1)
  5 orc sorcerers (Orc:2)
  3 orb spiders (Spider:1)
  4 orc knights (Orc:2)
  A cyclops (D:10)
  5 black mambas
  4 elephants (Lair:2)
  15 cane toads
  Maurice (D:11)
  2 unseen horrors
  2 rime drakes
  Psyche (D:11)
  8 komodo dragons
  2 demonic crawlers
  4 polar bears
  2 jumping spiders (Spider:1)
  3 trolls
  A queen bee (Lair:1)
  5 hornets (Lair:6)
  A slime creature (D:10)
  4 blink frogs (Lair:4)
  6 dream sheep (Lair:6)
  A vampire (D:11)
  A shadow (D:11)
  13 spriggans (Lair:6)
  A wraith (D:11)
  3 tarantellas (Spider:1)
  8 redbacks (Spider:1)
  A wyvern (Lair:5)
  60 yaks
  3 basilisks
  2 fire elementals (Volcano)
  4 vampire mosquitoes (D:11)
  2 steam dragons
  8 hell hounds (Volcano)
  14 water moccasins
  17 orc warriors
  An ice beast (D:7)
  5 black bears
  4 ogres
  35 wolves
  3 boggarts (Lair:6)
  5 centaurs
  5 phantoms
  9 scorpions
  A gnoll sergeant (D:10)
  22 bullfrogs
  A water moccasin zombie (D:5)
  A wyvern skeleton (D:6)
  40 killer bees
  6 wights
  6 howler monkeys
  11 electric eels
  2 centaur zombies
  2 hounds
  A jelly (D:5)
  A gnoll shaman (D:6)
  8 orc priests
  A bullfrog skeleton (D:6)
  2 centaur skeletons
  Ijyb (D:3)
  4 iguanas (D:5)
  12 orc wizards
  A howler monkey skeleton (D:5)
  5 adders
  11 gnolls
  A shadow imp (D:6)
  A white imp (D:6)
  2 ufetubi (D:6)
  An adder skeleton (D:5)
  4 worms
  4 dart slugs
  23 orcs
  6 ball pythons
  5 endoplasms
  6 giant cockroaches
  9 goblins
  6 hobgoblins
  3 jackals (D:3)
  2 quokkas
  7 bats
  A frilled lizard (D:1)
  A jackal skeleton (D:4)
  7 kobolds
  4 rats
539 creatures vanquished.

Vanquished Creatures (others)
  An orc priest (Orc:2)
  An orc (D:9)
  29 fungi
  35 plants
  4 toadstools (D:5)
70 creatures vanquished.

Grand Total: 609 creatures vanquished

Notes
Turn   | Place    | Note
-------+----------+-------------------------------------------
     0 | D:1      | lunkers the Troll Cinder Acolyte began the quest for the
                  | Orb.
     0 | D:1      | Reached XP level 1. HP: 22/22 MP: 1/1
    64 | D:1      | Reached XP level 2. HP: 26/29 MP: 2/2
   365 | D:1      | Found Geloofe's Armour Emporium.
   531 | D:1      | Found a faded altar of an unknown god.
   767 | D:1      | Reached XP level 3. HP: 36/36 MP: 3/3
  1043 | D:2      | Found Qodit's Antique Weapon Boutique.
  1151 | D:2      | Found Forikkar's Assorted Antiques.
  1202 | D:2      | Reached skill level 4 in Unarmed Combat
  1223 | D:2      | Found Halomem's Weapon Shoppe.
  1774 | D:2      | Reached XP level 4. HP: 45/45 MP: 4/4
  2203 | D:3      | Found Lunidute's Distillery.
  2639 | D:3      | Noticed Ijyb
  2642 | D:3      | Paralysed by Ijyb for 6 turns
  2662 | D:3      | Killed Ijyb
  3080 | D:4      | Noticed a phantom
  3088 | D:4      | Killed a phantom
  3089 | D:4      | Reached skill level 5 in Unarmed Combat
  3089 | D:4      | Reached XP level 5. HP: 45/53 MP: 5/5
  3192 | D:4      | Found an ancient bone altar of Kikubaaqudgha.
  3215 | D:4      | You fall into a shaft and drop 1 floor!
  3215 | D:5      | Entered Level 5 of the Dungeon
  3233 | D:5      | Reached skill level 6 in Unarmed Combat
  3233 | D:5      | Reached XP level 6. HP: 54/62 MP: 6/6
  3379 | D:5      | Reached skill level 7 in Unarmed Combat
  3379 | D:5      | Reached XP level 7. HP: 67/71 MP: 7/7
  4109 | D:6      | Reached skill level 5 in Fighting
  4109 | D:6      | Reached skill level 8 in Unarmed Combat
  4127 | D:6      | Reached XP level 8. HP: 80/80 MP: 8/8
  4485 | D:6      | Found the +8 glaive of the Guard {elec, spectral, AC+5}
  4599 | D:6      | Reached skill level 9 in Unarmed Combat
  4936 | D:6      | Found a staircase to the Ecumenical Temple.
  5346 | D:7      | Reached skill level 10 in Unarmed Combat
  5376 | D:7      | Found an iron altar of Okawaru.
  5492 | D:7      | Reached XP level 9. HP: 71/89 MP: 9/9
  5657 | D:7      | Found a hazy altar of Hepliaklqana.
  6184 | D:8      | Reached skill level 11 in Unarmed Combat
  6925 | D:9      | Reached skill level 1 in Shields
  6952 | D:9      | Found a staircase to the Orcish Mines.
  7074 | D:8      | Reached skill level 12 in Unarmed Combat
  7085 | D:9      | Reached XP level 10. HP: 101/101 MP: 10/10
  7176 | D:9      | Noticed a two-headed ogre
  7185 | D:9      | Killed a two-headed ogre
  7665 | D:10     | Entered Level 10 of the Dungeon
  7708 | D:10     | Noticed a two-headed ogre
  7715 | D:10     | Noticed a cyclops
  7725 | D:10     | Killed a two-headed ogre
  7726 | D:10     | Reached skill level 1 in Evocations
  7727 | D:10     | Killed a cyclops
  7729 | D:10     | Reached skill level 13 in Unarmed Combat
  7899 | D:10     | Found a staircase to the Lair.
  8337 | D:10     | Reached XP level 11. HP: 111/111 MP: 11/11
  8533 | D:1      | Bought the +2 hood of the Assassin {Detection Stab+
                  | Stlth++} for 600 gold pieces
  8533 | D:1      | Found the +2 hood of the Assassin {Detection Stab+ Stlth++}
  8902 | D:11     | Noticed a six-headed hydra
  8910 | D:11     | Noticed Psyche
  8912 | D:11     | Killed a six-headed hydra
  8917 | D:11     | Killed Psyche
  9122 | D:11     | Noticed Maurice
  9165 | D:11     | Killed Maurice
  9249 | D:11     | Noticed Nergalle
  9261 | D:11     | Killed Nergalle
  9283 | D:11     | Noticed a two-headed ogre
  9291 | D:11     | Killed a two-headed ogre
  9292 | D:11     | Reached skill level 14 in Unarmed Combat
  9338 | D:11     | Identified the ring of the Mutiny {rF+ rC- EV+4 Int+3
                  | Dex+2}
  9593 | Lair:1   | Entered Level 1 of the Lair of Beasts
  9718 | Lair:1   | Reached skill level 5 in Shields
  9728 | Lair:1   | Noticed an oklob plant
  9755 | Lair:1   | Found the +8 storm bow {elec, penet}
 10099 | Lair:1   | Reached XP level 12. HP: 121/123 MP: 12/12
 10935 | Lair:2   | Found a one-way gate to the infinite horrors of the Abyss.
 10935 | Lair:2   | Noticed Hailok's ghost (journeyman MfGl)
 10942 | Lair:2   | Noticed a cacodemon
 10943 | Lair:2   | Noticed a rakshasa
 11067 | Lair:2   | Reached skill level 15 in Unarmed Combat
 11522 | Lair:2   | Found a transporter.
 11529 | Lair:2   | Found a transporter.
 11797 | Lair:3   | Found a hole to the Spider Nest.
 11908 | Lair:3   | Noticed a five-headed hydra
 11914 | Lair:3   | Killed a five-headed hydra
 11925 | Lair:3   | Reached skill level 5 in Evocations
 12023 | Lair:3   | Found a staircase to the Swamp.
 12550 | Lair:4   | Reached skill level 16 in Unarmed Combat
 12807 | Lair:4   | Reached skill level 10 in Fighting
 12850 | Lair:4   | Reached XP level 13. HP: 96/133 MP: 13/13
 13042 | Lair:4   | Found a hide-covered altar of Uskayaw.
 13042 | Lair:4   | Found an ornate altar of the Wu Jian Council.
 13255 | Lair:5   | Noticed Sonja
 13265 | Lair:5   | Killed Sonja
 13598 | Lair:5   | Found a staircase to the Slime Pits.
 14111 | Lair:6   | Entered Level 6 of the Lair of Beasts
 14219 | Lair:6   | Reached skill level 17 in Unarmed Combat
 14826 | Lair:6   | HP: 4/136 [anaconda (8)]
 15203 | Lair:6   | Reached skill level 1 in Throwing
 15203 | Lair:6   | Reached XP level 14. HP: 142/146 MP: 14/14
 15684 | Orc:1    | Entered Level 1 of the Orcish Mines
 15945 | Orc:1    | Found a dark tunnel.
 15970 | Orc:1    | Found Ofujuo's Armour Emporium.
 16021 | Volcano  | Entered a volcano
 16161 | Volcano  | Reached skill level 18 in Unarmed Combat
 16453 | Orc:1    | Found Vygaoxti's Gadget Gallery.
 16501 | Orc:2    | Entered Level 2 of the Orcish Mines
 16767 | Orc:2    | Found Puekkoth's Jewellery Emporium.
 16880 | Orc:2    | Found Docuty's General Store.
 16929 | Orc:2    | Found Hinudy's Antique Weapon Shop.
 16932 | Orc:2    | Found Loles's Armour Emporium.
 17322 | Orc:2    | Found a staircase to the Elven Halls.
 17715 | Spider:1 | Entered Level 1 of the Spider Nest
 18053 | Spider:1 | Slain by a jumping spider

Illustrated notes

Levels and vault maps discovered:
D:1:      lemuel_arrival_broad_hall, layout_rooms, basic_ecumenical_altar,
          serial_shops, shop, serial_co_window_serial, co_window_corner_a,
          co_window_of_opportunity_a, co_window_paths_a,
          co_window_of_opportunity_a, co_window_of_opportunity_a,
          co_window_of_opportunity_a, co_window_cross_1, co_window_corner_b,
          co_window_unsneaky_path_c, co_window_corner_b,
          co_window_of_opportunity_c, co_window_4corner_a, co_window_4corner_b,
          glass_columns_c, glass_columns_b, glass_columns_b
D:2:      layout_loops_corners, serial_shops, shop_fountains, shop, shop
D:3:      layout_loops_corners, serial_shops, nicolae_diamond_shop, uniq_ijyb
D:4:      layout_basic, lemuel_doored_altar, chequers_mini_garden
D:5:      layout_loops_cross, grunt_ministairs_4, minmay_gold_behind_fungi,
          serial_park_tiny_pond, minmay_stone_trees_small
D:6:      layout_basic, temple_doors_cd
D:7:      layout_gridville, hangedman_feature_mirror
D:8:      layout_basic
D:9:      layout_loops_cross, david_orc_3, minivault_24
D:10:     layout_loops_cross, grunt_lair_entry_orc_guard_hut, glass_columns_a,
          minmay_radiant
D:11:     layout_irregular_city, kennysheep_dice, uniq_nergalle, uniq_psyche,
          uniq_maurice
Lair:1:   minmay_lair_oklob_chamber, layout_cellular_growth, special_room
          [special_room_bee], lemuel_fruit_tree
Lair:2:   layout_regular_city, gammafunk_ghost_abyssal_escape, minivault_23,
          serial_bayou_lake_a
Lair:3:   layout_hall_layers, minmay_swamp_entry_eels,
          nicolae_spider_entry_non_spiders, kennysheep_catoblepas_arena,
          infiniplex_staircase_pool_2
Lair:4:   layout_regular_city, nzn_masters_of_martial_movement,
          infiniplex_staircase_pool, grunt_megastairs_2
Lair:5:   layout_gridlike, minmay_slime_entry_oklob_open, serial_bayou_shore_b,
          serial_bayou_shore_a, uniq_sonja
Lair:6:   minmay_lair_end_enchanted_forest, layout_regular_city
Spider:1: nicolae_spider_hilbert_zone_4 [nicolae_spider_hilbert_4_sides_2_open,
          nicolae_spider_hilbert_4_sides_1_open,
          nicolae_spider_hilbert_4_sides_1_open,
          nicolae_spider_hilbert_4_sides_1_open,
          nicolae_spider_hilbert_4_sides_1_open,
          nicolae_spider_hilbert_2_sides_1_open,
          nicolae_spider_hilbert_2_sides_1_open,
          nicolae_spider_hilbert_2_sides_1_open,
          nicolae_spider_hilbert_2_sides_1_open,
          nicolae_spider_hilbert_6_sides_1_open,
          nicolae_spider_hilbert_6_sides_1_open,
          nicolae_spider_hilbert_3_sides_1_open,
          nicolae_spider_hilbert_3_sides_1_open]
Orc:1:    layout_caves, nicolae_volcano_entry_s_turn, serial_shops, shop,
          nicolae_shop_gadgets
Orc:2:    st_orc_elflike, layout_caves

Skill      XL: |  1  2  3  4  5  6  7  8  9 10 11 12 13 14 |
---------------+-------------------------------------------+-----
Unarmed Combat | 4 5 6 7 8 10 12 13 14 16 17 18 | 18.5
Fighting       | 3 4 5 6 7 8 9 10 11 | 11.5
Shields        | 1 3 5 6 8 9 |  9.0
Evocations     | 2 4 5 |  5.0
Throwing       | 1 4 |  4.0
Spellcasting   | |  1.0
Fire Magic     | |  2.1

Action                   |  1- 3 |  4- 6 |  7- 9 | 10-12 | 13-15 || total
-------------------------+-------+-------+-------+-------+-------++-------
Melee: Unarmed           |    94 |    79 |   218 |   580 |   670 ||  1641
       Punch             |     2 |     2 |     8 |       |       ||    12
Throw: Stone             |    52 |    67 |    96 |   117 |    45 ||   377
       Dart              |       |       |       |       |   101 ||   101
Evoke: Wand              |       |       |       |    15 |    10 ||    25
       Lightning rod     |       |       |       |     4 |     4 ||     8
  Use: Scroll            |       |     8 |     3 |    11 |     3 ||    25
       Potion            |       |       |       |       |     1 ||     1
 Stab: Sleeping          |       |       |       |     3 |     4 ||     7
       Distracted        |       |       |       |       |     2 ||     2
       Paralysed         |       |       |       |       |     1 ||     1
Armor: Robe              |    27 |    17 |    84 |   172 |   156 ||   456
Dodge: Dodged            |    37 |    25 |   119 |   263 |   415 ||   859
Block: Kite shield       |       |       |    12 |   271 |   299 ||   582

Table legend: (Time is in decaauts)
 A = Elapsed time spent in this place.
 B = Non-inter-level travel time spent in this place.
 C = Inter-level travel time spent in this place.
 D = Time resting spent in this place.
 E = Time spent auto-exploring this place.
 F = Levels seen in this place.
 G = Mean time per level.
                   A        B        C        D        E       F      G
               +--------+--------+--------+--------+--------+-----+--------+
         Total |  17843 |  16352 |   1491 |     63 |  12472 |  21 |  849.7 |
       Dungeon |   9646 |   8832 |    814 |     41 |   6984 |  11 |  876.9 |
          Lair |   6043 |   5643 |    400 |     22 |   4134 |   6 | 1007.2 |
   Spider Nest |    305 |    305 |      0 |      0 |    185 |   1 |  305.0 |
  Orcish Mines |   1651 |   1375 |    276 |      0 |   1094 |   2 |  825.5 |
       Volcano |    196 |    196 |      0 |      0 |     75 |   1 |  196.0 |
               +--------+--------+--------+--------+--------+-----+--------+

Top non-repeatable levels by time:
  Lair:6: 1364 daAuts
  Lair:1: 1275 daAuts
     D:1: 1118 daAuts
     D:3: 1063 daAuts
     D:2: 1052 daAuts
  Lair:2: 995 daAuts
     D:5: 973 daAuts
     D:6: 959 daAuts
  Lair:4: 903 daAuts
  Lair:5: 887 daAuts
     D:8: 885 daAuts
   Orc:2: 882 daAuts
    D:11: 868 daAuts
    D:10: 794 daAuts
     D:7: 790 daAuts
